 Dungeon Crawl Stone Soup version 0.24.1-11-gbbbb2193e6 (webtiles) character file.

Game seed: 5868216270270818554, levelgen mode: deterministic

786 markt42 the Cudgeler (level 7, -7/43 HPs)
             Began as a Gargoyle Fighter on May 10, 2020.
             Mangled by an ogre
             ... wielding a +0 giant club
              (23 damage)
             ... on level 4 of the Dungeon.
             The game lasted 00:05:14 (4485 turns).

markt42 the Cudgeler (Gargoyle Fighter)             Turns: 4485, Time: 00:05:14

Health: -7/43      AC: 19    Str: 20 (21) XL:     7   Next: 87%
Magic:  7/7        EV:  6    Int:  9      God:
Gold:   270        SH:  9    Dex:  8 (10) Spells: 6/6 levels left

rFire    . . .     SeeInvis .   a - +0 flail
rCold    + . .     Gourm    .   c - +0 shield
rNeg     + . .     Faith    .   l - +0 chain mail
rPois    ∞         Spirit   .   (helmet restricted)
rElec    +         Reflect  .   v - +1 cloak
rCorr    .         Harm     .   k - +0 pair of gloves
MR       .....                  m - +0 pair of boots
Stlth    ..........             t - amulet of the acrobat
HPRegen  0.14/turn              n - ring of protection from cold
MPRegen  0.10/turn              p - +3 ring of dexterity

@: no status effects
A: antennae 1, clumsy 1, mutation resistance 1, negative energy resistance 1,
electricity resistance, unbreathing, petrification resistance, rot immunity, AC
+4
a: no special abilities


You were on level 4 of the Dungeon.
You were not hungry.

You visited 1 branch of the dungeon, and saw 4 of its levels.

You collected 270 gold pieces.

Inventory:

Hand Weapons
 a - a +0 flail (weapon)
Armour
 c - a +0 shield (worn)
 k - a +0 pair of gloves (worn)
 l - a +0 chain mail (worn)
 m - a +0 pair of boots (worn)
 v - a +1 cloak (worn)
Jewellery
 d - an uncursed ring of positive energy
 n - a ring of protection from cold (left hand)
 p - a +3 ring of dexterity (right hand)
 t - an amulet of the acrobat (around neck)
Wands
 b - a wand of polymorph (9)
 q - a wand of clouds (4)
 r - a wand of flame (11)
Scrolls
 e - 3 scrolls of teleportation {unknown}
 g - a scroll of remove curse {unknown}
 h - a scroll of magic mapping {unknown}
 i - 4 scrolls of identify {unknown}
 j - 4 scrolls of enchant armour {unknown}
Potions
 o - 2 potions of lignification {unknown}
 s - a potion of might
 u - a potion of brilliance {unknown}
Comestibles
 f - 13 rations


   Skills:
 + Level 4.2 Fighting
 * Level 6.0 Maces & Flails
 * Level 5.3 Armour
 + Level 1.1 Dodging
 + Level 5.3 Shields


You had 6 spell levels left.
You didn't know any spells.
Your spell library was empty.

Dungeon Overview and Level Annotations

Branches:
Dungeon (4/15)
 Temple: D:4-7

Altars:


Innate Abilities, Weirdness & Mutations

You are resistant to torment.
Your stone body is resilient. (AC +4)
You are immune to poison.
You resist negative energy. (rN+)
You are resistant to electric shocks. (rElec)
You can survive without breathing.
You are immune to petrification.
You are immune to rotting.
You have a pair of small antennae on your head.
You are clumsy. (Dex -2)
You are somewhat resistant to further mutation.


Message History

The ogre is heavily wounded.
The orc wizard mumbles some strange words.
The orc wizard flickers and vanishes!
Deactivating autopickup; reactivate with Ctrl-A.
The ogre hits you but does no damage. The orc wizard barely misses you.
You barely miss the ogre.
The ogre is heavily wounded.
Something hits you but does no damage. You block the orc wizard's attack.
The ogre hits you but does no damage.
You barely miss the ogre.
The ogre is heavily wounded.
Something hits you but does no damage.
The orc wizard mumbles some strange words.
The orc wizard flickers and vanishes!
The ogre closely misses you.
You thump the ogre!
The ogre is severely wounded.
Something hits you but does no damage. You block something's attack.
The ogre hits you with a +0 giant club!!
Ouch! That really hurt!
You die...

## # #########
########. #.#...#.#.#
#........
#.{{).#.####........
#..#@#..#.##.......÷.
#. #O##..###.......≈≈
#. ...##..##.....≈≈≈≈
#.# ..?..##.##..≈≈≈≈≈≈§
#..##...##..##....≈≈≈≈≈
#..##.##..###....≈≈≈≈≈
#..###..#.##.....≈≈≈≈
#(.#..#.###(.....≈≈≈
#...#.#.##.......≈≈


You could see an ogre.

Vanquished Creatures
  Sigmund (D:2)
  A phantom (D:4)
  An ogre (D:3)
  A centaur (D:4)
  A howler monkey (D:3)
  An orc priest (D:3)
  A hound (D:4)
  An orc wizard (D:3)
  Ijyb (D:3)
  4 gnolls (D:2)
  6 adders
  2 shadow imps (D:3)
  An ooze (D:2)
  A worm (D:4)
  2 dart slugs
  2 leopard geckos
  10 orcs
  A ball python (D:3)
  6 giant cockroaches
  15 goblins
  12 hobgoblins
  5 jackals
  8 kobolds
  A quokka (D:4)
  9 bats
  6 frilled lizards
  7 rats
107 creatures vanquished.

Vanquished Creatures (others)
  A jackal (D:4)
1 creature vanquished.

Grand Total: 108 creatures vanquished

Notes
Turn   | Place    | Note
-------+----------+-------------------------------------------
     0 | D:1      | markt42 the Gargoyle Fighter began the quest for the Orb.
     0 | D:1      | Reached XP level 1. HP: 14/14 MP: 1/1
   116 | D:1      | Reached XP level 2. HP: 17/19 MP: 2/2
  1318 | D:2      | Reached XP level 3. HP: 22/23 MP: 3/3
  1343 | D:2      | Noticed Sigmund
  1371 | D:2      | Killed Sigmund
  1371 | D:2      | Reached skill level 3 in Maces & Flails
  1371 | D:2      | Reached XP level 4. HP: 9/29 MP: 4/4
  1371 | D:2      | Reached XP level 5. HP: 10/33 MP: 5/5
  1716 | D:2      | Reached skill level 4 in Maces & Flails
  1716 | D:2      | Reached XP level 6. HP: 12/38 MP: 6/6
  2695 | D:3      | Found a transporter.
  2717 | D:3      | Found a transporter.
  3057 | D:3      | Noticed Ijyb
  3065 | D:3      | Killed Ijyb
  3065 | D:3      | Reached skill level 1 in Dodging
  3080 | D:3      | Reached XP level 7. HP: 43/43 MP: 7/7
  3161 | D:3      | Reached skill level 5 in Maces & Flails
  3176 | D:3      | Reached skill level 5 in Shields
  3490 | D:3      | Gained mutation: You are clumsy. (Dex -2) [potion of
                  | mutation]
  3490 | D:3      | Gained mutation: You have a pair of small antennae on your
                  | head. [potion of mutation]
  3490 | D:3      | Gained mutation: You are somewhat resistant to further
                  | mutation. [potion of mutation]
  3637 | D:4      | Reached skill level 5 in Armour
  4038 | D:4      | Reached skill level 6 in Maces & Flails
  4485 | D:4      | Mangled by an ogre

Levels and vault maps discovered:
D:1:      dpeg_arrival_more_subterranean_lakeside_camping, layout_basic
D:2:      layout_basic, minmay_fractal_squares_5, uniq_sigmund
D:3:      gammafunk_wand_slinger, layout_loops_cross, minmay_ogre_servants,
          uniq_ijyb
D:4:      minmay_diamond_boxcup, layout_loops_cross, first_ration,
          lemuel_old_faithful

Skill      XL: |  1  2  3  4  5  6  7 |
---------------+----------------------+-----
Maces & Flails | 3 4 6 |  6.0
Armour         | 4 5 |  5.3
Shields        | 4 5 |  5.3
Fighting       | 4 |  4.2
Dodging        | 1 |  1.1

Action                   |  1- 3 |  4- 6 |  7- 9 || total
-------------------------+-------+-------+-------++-------
Melee: Flail             |   147 |   173 |   181 ||   501
       Unarmed           |     7 |    17 |       ||    24
  Use: Potion            |     2 |     1 |     3 ||     6
 Stab: Confused          |       |     1 |       ||     1
  Eat: Chunk             |     1 |     3 |     5 ||     9
       Ration            |       |     1 |       ||     1
Armor: Scale mail        |    58 |       |       ||    58
       Chain mail        |    50 |   101 |    81 ||   232
       Skin              |     3 |     5 |       ||     8
Dodge: Dodged            |    63 |    67 |    51 ||   181
Block: Shield            |    90 |   118 |    86 ||   294
